 Dungeon Crawl Stone Soup version 0.28.0-1-gb440e238dd (webtiles) character file.

Game seed: 14594333739217533393

6473 Bamboolord the Destroyer (level 11, -2/42 HPs)
             Began as a Vine Stalker Conjurer on Feb 19, 2022.
             Was a Believer of Hepliaklqana.
             Slain by a skeletal warrior (9 damage)
             ... led by a skeletal warrior
             ... on level 8 of the Dungeon.
             The game lasted 00:34:54 (8429 turns).

Bamboolord the Destroyer (Vine Stalker Conjurer)    Turns: 8429, Time: 00:34:54

Health: -2/42      AC: 18    Str: 11    XL:     11   Next: 0%
Magic:  0/23       EV: 14    Int: 22    God:    Hepliaklqana [**....]
Gold:   405        SH:  0    Dex: 12    Spells: 9/25 levels left

rFire   . . .      SeeInvis .   B - +1 trident (vamp)
rCold   . . .      Faith    .   (no shield)
rNeg    . . .      Spirit   +   a - +0 robe
rPois   .          Reflect  .   d - +2 hat
rElec   .          Harm     .   l - +2 cloak
rCorr   .          Rampage  .   f - +2 pair of gloves
Will    +....                   (no boots)
Stlth   ++++......              (no amulet)
HPRegen 0.94/turn               e - +4 ring of protection
MPRegen 0.18/turn               n - +4 ring of protection

@: no status effects
A: reduced essence, fangs 3, regeneration 1, magic shield, antimagic bite, no
potion heal 2
a: Renounce Religion, Recall Ancestor, Ancestor Identity


You were on level 8 of the Dungeon.
You worshipped Hepliaklqana.
Hepliaklqana was pleased with you.
You visited 2 branches of the dungeon, and saw 9 of its levels.

You collected 405 gold pieces.

Inventory:

Hand Weapons
 B - a +1 vampiric trident (weapon)
Missiles
 w - 6 boomerangs of dispersal
Armour
 a - a +0 robe (worn)
 d - a +2 hat (worn)
 f - a +2 pair of gloves (worn)
 l - a +2 cloak (worn)
 t - +0 acid dragon scales
Jewellery
 e - a +4 ring of protection (left hand)
 n - a +4 ring of protection (right hand)
Wands
 k - a wand of paralysis (9)
 m - a wand of charming (1)
 u - a wand of polymorph (9)
 C - a wand of mindburst (14)
Scrolls
 b - a scroll of vulnerability
 h - a scroll of magic mapping
 o - a scroll of noise {unknown}
 r - 3 scrolls of amnesia
 s - a scroll of torment {unknown}
 v - 4 scrolls of fog
 x - a scroll of brand weapon {unknown}
 y - a scroll of teleportation {unknown}
 A - 3 scrolls of identify
 E - a scroll of immolation {unknown}
Potions
 c - a potion of ambrosia {unknown}
 g - 4 potions of attraction
 i - 3 potions of mutation
 j - 3 potions of flight {unknown}
 p - 6 potions of curing
 q - 2 potions of cancellation {unknown}
 z - a potion of berserk rage {unknown}
 D - a potion of lignification {unknown}


   Skills:
 - Level 1.6 Polearms
 * Level 6.3 Dodging
 + Level 8.4 Stealth
 - Level 0.9 Unarmed Combat
 * Level 7.7 Spellcasting
 * Level 8.9 Conjurations
 - Level 4.7 Hexes
 + Level 0.1 Translocations
 * Level 4.9 Invocations


You had 9 spell levels left.
You knew the following spells:

 Your Spells              Type           Power      Damage    Failure   Level
a - Magic Dart            Conj           100%       1d8       1%          1
b - Searing Ray           Conj           96%        2d7       1%          2
c - Dazzling Flash        Conj/Hex       76%        N/A       1%          3
d - Fulminant Prism       Conj/Hex       19%        3d11      4%          4
e - Iskenderun's Mystic   Conj/Tloc      28%        2d7       12%         4
f - Foxfire               Conj/Fire      100%       2x1d9     1%          1
g - Apportation           Tloc           18%        N/A       8%          1

Your spell library contained the following spells:

 Spells                   Type           Power      Damage    Failure   Level
 Conjure Flame            Conj/Fire      28%        6-21      3%          3
 Animate Skeleton         Necr           16%        N/A       8%          1
 Summon Small Mammal      Summ           32%        N/A       8%          1
 Inner Flame              Hex/Fire       19%        N/A       9%          3
 Flame Wave               Conj/Fire      28%        2d8       12%         4
 Sticky Flame             Conj/Fire      28%        2d5       12%         4
 Ignite Poison            Fire/Tmut/Pois 8%         N/A       22%         3
 Summon Ice Beast         Ice/Summ       8%         N/A       58%         4
 Summon Mana Viper        Hex/Summ       18%        N/A       63%         5
 Monstrous Menagerie      Summ           4%         N/A       100%        7


Dungeon Overview and Level Annotations

Branches:
Dungeon (8/15)             Temple (1/1) D:5
   Lair: D:8-11

Altars:
Ashenzari
Cheibriados
Dithmenos
Elyvilon
Fedhas
Gozag
Hepliaklqana
Makhleb
Trog
Uskayaw
Vehumet
Zin

Shops:
D:2 (   D:5 [


Innate Abilities, Weirdness & Mutations

Your life essence is reduced to manifest your ancestor. (-10% HP)
You have razor-sharp teeth.
Your natural rate of healing is unusually fast.
When hurt, damage is shared between your health and your magic reserves.
Your bite disrupts and absorbs the magic of your enemies.
Potions cannot restore your health.


Message History

Bolamboo blocks the skeletal warrior's attack.
You reach to attack!
You hit the skeletal warrior but do no damage.
The skeletal warrior is severely damaged.
Bolamboo hits the skeletal warrior with a +0 flail.
The skeletal warrior hits you from afar with a +0 halberd.
Bolamboo barely misses the skeletal warrior.
The skeletal warrior completely misses you.
You reach to attack!
You hit the skeletal warrior but do no damage.
The skeletal warrior is severely damaged.
Bolamboo hits the skeletal warrior with a +0 flail.
The skeletal warrior barely misses you.
You reach to attack!
You hit the skeletal warrior.
The skeletal warrior is almost destroyed.
Bolamboo hits the skeletal warrior but does no damage.
The skeletal warrior hits Bolamboo with a +0 halberd!
You reach to attack!
You hit the skeletal warrior but do no damage.
The skeletal warrior is almost destroyed.
Bolamboo completely misses the skeletal warrior.
The skeletal warrior hits you from afar with a +0 halberd.
You reach to attack!
You barely miss the skeletal warrior.
The skeletal warrior is almost destroyed.
Bolamboo closely misses the skeletal warrior.
The skeletal warrior hits you from afar with a +0 halberd!
* * * LOW HITPOINT WARNING * * *
You are too injured to fight recklessly!
You are too injured to fight recklessly!
Reach: B) +1 trident (vamp)
Press: ? - help, Dir - move target, f/p - skeletal warrior
Aim: a skeletal warrior, wielding a +0 halberd and wearing a +0 chain mail (almost destroyed, ally target, about 36% to evade your +1 vampiric trident)
You reach to attack!
You hit the skeletal warrior.
The skeletal warrior is almost destroyed.
Bolamboo hits the skeletal warrior but does no damage.
The skeletal warrior hits you from afar with a +0 halberd.
* * * LOW HITPOINT WARNING * * *
Bolamboo barely misses the skeletal warrior.
The skeletal warrior hits you from afar with a +0 halberd!
You die...

##..#######...##..###'###........
##..##.................##....##..
....'..................########..
....##...##..................##+#
....##<..##...................+..
.#####...##...#######..##....##..
.# ##...##...###.###).#####'##..
## #....#.........#..........#..
# #....#......@.zR..........'..
##..######'##########...###..
######).###.##.##########...###..
.(..#...#........'...............
....'...'.......>#...............
#.###..###'###..###..##..........
#####.[###.############'########.
.......R.R..#.......<##...######.
............#....................


You could see the friendly Bolamboo the knight and a skeletal warrior (ally
target).

Vanquished Creatures
  A two-headed ogre (D:8)
  2 skeletal warriors (D:8)
  A cyclops (D:8)
  Maggie (D:6)
  A troll (D:6)
  5 yaks (D:6)
  An acid dragon (D:8)
  2 water moccasins (D:8)
  2 orc warriors
  2 black bears
  An ice beast (Temple)
  3 ogres
  A phantom (D:2)
  4 centaurs
  A scorpion (D:6)
  A gnoll sergeant (D:7)
  A howler monkey (D:6)
  2 centaur zombies
  A hound (D:6)
  2 jellies (D:4)
  2 orc priests (D:4)
  A bullfrog zombie (D:6)
  An iron imp (D:7)
  2 bullfrog skeletons
  5 iguanas
  Jessica (D:3)
  4 orc wizards
  A scorpion zombie (D:5)
  A hound skeleton (D:4)
  6 adders
  8 gnolls
  2 ufetubi
  3 adder skeletons
  2 worms
  A dart slug (D:3)
  15 orcs
  4 bats
  6 endoplasms
  A giant cockroach (D:4)
  8 goblins
  4 hobgoblins
  6 jackals
  11 quokkas
  11 ball pythons
  6 frilled lizards
  7 kobolds
  A quokka skeleton (D:4)
  10 rats
  A foxfire (D:7)
166 creatures vanquished.

Vanquished Creatures (collateral kills)
  A skeletal warrior (D:8)
  A sky beast (D:8)
  A bullfrog (D:7)
  A gnoll sergeant (D:7)
  A jelly (D:7)
  A centaur skeleton (D:7)
  A gnoll (D:7)
  2 orcs
9 creatures vanquished.

Vanquished Creatures (others)
  2 knights (D:8)
  6 ancestors
  5 foxfires
  19 fulminant prisms
32 creatures vanquished.

Grand Total: 207 creatures vanquished

Notes
Turn   | Place    | Note
-------+----------+-------------------------------------------
     0 | D:1      | Bamboolord the Vine Stalker Conjurer began the quest for
                  | the Orb.
     0 | D:1      | Reached XP level 1. HP: 9/9 MP: 4/4
   289 | D:1      | Reached XP level 2. HP: 13/13 MP: 4/6
   656 | D:1      | Learned a level 2 spell: Searing Ray
  1104 | D:1      | Reached XP level 3. HP: 16/16 MP: 4/7
  1567 | D:2      | Found a faded altar of an unknown god.
  1917 | D:2      | Reached skill level 5 in Conjurations
  2033 | D:2      | Gained mutation: Your natural rate of healing is unusually
                  | fast. [Vine Stalker growth]
  2033 | D:2      | Reached XP level 4. HP: 21/21 MP: 4/8
  2261 | D:2      | Noticed a phantom
  2284 | D:2      | Killed a phantom
  2285 | D:2      | Reached XP level 5. HP: 21/24 MP: 1/10
  2449 | D:2      | Found Ipirhu's Weapon Boutique.
  2969 | D:3      | Noticed an ogre
  2975 | D:3      | Killed an ogre
  2976 | D:3      | Reached XP level 6. HP: 28/28 MP: 3/12
  3048 | D:3      | Learned a level 3 spell: Dazzling Flash
  3055 | D:3      | Found a hide-covered altar of Uskayaw.
  3069 | D:3      | Found a burning altar of Makhleb.
  3070 | D:3      | Found a glowing silver altar of Zin.
  3261 | D:3      | Identified the +9 spear of Nesebew {antimagic, Fragile rF++
                  | rCorr Int-3}
  3273 | D:3      | Noticed Jessica
  3301 | D:3      | Killed Jessica
  3600 | D:4      | HP: 1/28 [ogre (27)]
  3778 | D:4      | Reached XP level 7. HP: 21/32 MP: 2/14
  3809 | D:4      | Reached skill level 1 in Hexes
  3838 | D:4      | Learned a level 4 spell: Fulminant Prism
  3843 | D:4      | Learned a level 4 spell: Iskenderun's Mystic Blast
  4032 | D:4      | Reached skill level 1 in Polearms
  4444 | D:5      | Entered Level 5 of the Dungeon
  4566 | D:5      | Gained mutation: You have razor-sharp teeth. [Vine Stalker
                  | growth]
  4566 | D:5      | Reached XP level 8. HP: 36/36 MP: 5/16
  4573 | D:5      | Found Agos's Armour Shoppe.
  4633 | D:5      | Found a staircase to the Ecumenical Temple.
  4646 | Temple   | Entered the Ecumenical Temple
  4780 | Temple   | Became a worshipper of Hepliaklqana the Forgotten
  4841 | D:5      | Found an opulent altar of Gozag.
  4998 | D:5      | Reached skill level 5 in Spellcasting
  5071 | D:6      | Noticed Maggie
  5090 | D:6      | Killed Maggie
  5091 | D:6      | Reached skill level 5 in Stealth
  5091 | D:6      | Reached skill level 1 in Invocations
  5324 | D:6      | Noticed a troll
  5332 | D:6      | Killed a troll
  5333 | D:6      | Reached XP level 9. HP: 32/39 MP: 4/18
  5412 | D:6      | Found a shadowy altar of Dithmenos.
  5748 | D:6      | Reached * piety under Hepliaklqana
  6166 | D:7      | Learned a level 1 spell: Foxfire
  6440 | D:7      | You fall into a shaft and drop 1 floor!
  6650 | D:8      | Reached skill level 5 in Dodging
  6650 | D:8      | Reached XP level 10. HP: 23/39 MP: 10/20
  6726 | D:8      | Noticed a cyclops
  6742 | D:8      | Killed a cyclops
  6787 | D:8      | Noticed a skeletal warrior
  6794 | D:8      | Noticed a skeletal warrior
  6794 | D:8      | Noticed a skeletal warrior
  6795 | D:8      | Noticed a skeletal warrior
  6796 | D:8      | Killed a skeletal warrior
  6893 | D:8      | Killed a skeletal warrior
  7236 | D:7      | Learned a level 1 spell: Apportation
  7248 | D:7      | Found a snail-covered altar of Cheibriados.
  7348 | D:7      | Reached ** piety under Hepliaklqana
  7349 | D:7      | Remembered your ancestor Bolamboo as a knight
  7454 | D:8      | Killed a skeletal warrior
  7890 | D:8      | Noticed a two-headed ogre
  8114 | D:8      | Killed a two-headed ogre
  8193 | D:8      | Reached XP level 11. HP: 42/42 MP: 19/23
  8395 | D:8      | HP: 1/42 [skeletal warrior[a skeletal warrior] (11)]
  8429 | D:8      | Slain by a skeletal warrior

Illustrated notes

Levels and vault maps discovered:
D:1:      dpeg_arrival_water_temple_mockup, layout_loops_ring
D:2:      layout_loops_corners, serial_shops, nicolae_shop_bloodbath_and_beyond,
          chequers_ecumenical_altar_simple_redux,
          hangedman_decor_clover_reticule, minmay_domino_2
D:3:      layout_loops_ring, grunt_temple_overflow_open, grunt_ministairs_12,
          uniq_jessica
D:4:      layout_basic, minmay_close_crescents
D:5:      layout_rooms, grunt_gozag_statues, serial_shops, shop,
          chequers_serial_rivers_small_a
D:6:      layout_basic, grunt_dithmenos_smoke_and_mirrors, grunt_ministairs_4,
          uniq_maggie
D:7:      layout_cave_pools, slow_altar_2, kb_lookout_dungeons_type
D:8:      layout_gridville, minmay_fractal_squares_gapless_5
Temple:   nicolae_temple_figure_eight

Skill      XL: |  1  2  3  4  5  6  7  8  9 10 |
---------------+-------------------------------+-----
Dodging        | 2 3 5 6 |  6.3
Conjurations   | 5 6 7 8 |  8.9
Stealth        | 3 4 5 7 8 |  8.4
Spellcasting   | 3 4 5 6 7 |  7.7
Hexes          | 2 3 4 |  4.7
Polearms       | 1 |  1.6
Invocations    | 2 3 4 |  4.9
Unarmed Combat | |  0.9
Translocations | |  0.1

Action                   |  1- 3 |  4- 6 |  7- 9 | 10-12 || total
-------------------------+-------+-------+-------+-------++-------
Melee: Unarmed           |    29 |    13 |       |       ||    42
       Bite              |     5 |    15 |    48 |    23 ||    91
       Spear             |       |    34 |   176 |       ||   210
       Punch             |       |     1 |     1 |     2 ||     4
       Trident           |       |       |    21 |    70 ||    91
 Cast: Magic Dart        |    60 |    37 |    13 |    11 ||   121
       Searing Ray       |     3 |    10 |     3 |    16 ||    32
       Foxfire           |       |       |     5 |       ||     5
       Fulminant Prism   |       |       |     4 |    15 ||    19
       Iskenderun's Myst |       |       |       |     2 ||     2
Invok: Recall Ancestor   |       |       |     1 |     1 ||     2
       Ancestor Identity |       |       |     1 |       ||     1
       Ancestor Life: Kn |       |       |       |     1 ||     1
  Use: Scroll            |       |     6 |     5 |     4 ||    15
       Potion            |       |       |       |     1 ||     1
 Stab: Sleeping          |       |     3 |     8 |       ||    11
       Distracted        |       |       |     1 |     3 ||     4
Armor: Robe              |     4 |    12 |    64 |    45 ||   125
       Acid dragon scale |       |       |     8 |       ||     8
       Skin              |       |       |     1 |       ||     1
Dodge: Dodged            |    25 |    21 |    99 |    60 ||   205
